 Dungeon Crawl Stone Soup version 0.22-a0-367-gb72a975 (webtiles) character file.

352 Falco the Sneak (level 6, -1/29 HPs)
             Began as a Spriggan Enchanter on Apr 22, 2018.
             Slain by a human zombie (8 damage)
             ... in an ossuary.
             The game lasted 00:54:18 (5257 turns).

Falco the Sneak (Spriggan Enchanter)                Turns: 5257, Time: 00:54:19

Health: -1/29      AC:  3    Str:  4    XL:     6   Next: 35%
Magic:  12/13      EV: 19    Int: 17    God:
Gold:   130        SH:  0    Dex: 18    Spells: 1/13 levels left

rFire    . . .     SeeInvis +   a - +1 dagger
rCold    . . .     Gourm    .   (shield restricted)
rNeg     . . .     Faith    .   b - +1 robe
rPois    .         Spirit   .   (helmet restricted)
rElec    .         Reflect  .   (no cloak)
rCorr    .         Harm     .   (gloves unavailable)
MR       +....                  (boots unavailable)
Stlth    ++++......             (no amulet)
HPRegen  0.09/turn              (no ring)
MPRegen  0.13/turn              (no ring)

@: very quick
A: very small, unfitting armour, see invisible, herbivore, speed 3, slow
metabolism 2
a: no special abilities


You were in an ossuary.
You were not hungry.

You visited 1 branch of the dungeon, and saw 4 of its levels.
You also visited: Ossuary.

You collected 130 gold pieces.

Inventory:

Hand Weapons
 a - a +1 dagger (weapon)
 f - a +0 hunting sling
 i - a +0 short sword
 q - a -1 blowgun
Missiles
 r - 4 poisoned needles
Armour
 b - a +1 robe (worn)
Scrolls
 h - 2 scrolls of teleportation
 l - a scroll of remove curse
 m - 2 scrolls of fear
Potions
 c - a potion of agility {unknown}
 e - a potion of mutation {unknown}
 j - a potion of berserk rage {unknown}
 k - 2 potions of haste {unknown}
 p - a potion of ambrosia {unknown}
Comestibles
 d - 3 rations


   Skills:
 + Level 0.7 Fighting
 + Level 3.0 Short Blades
 + Level 0.8 Throwing
 + Level 3.7 Dodging
 + Level 6.5 Stealth
 + Level 4.3 Spellcasting
 + Level 5.3 Hexes
 + Level 0.3 Ice Magic


You had one spell level left.
You knew the following spells:

 Your Spells              Type           Power        Failure   Level  Hunger
a - Corona                Hex            ###....      1%          1    None
b - Ensorcelled Hibernat  Hex/Ice        ##....       7%          2    ##.....
c - Tukima's Dance        Hex            ###.....     4%          3    ###....
d - Confuse               Hex            ###.....     4%          3    ###....
e - Dazzling Spray        Conj/Hex       ##....       16%         3    ###....


Dungeon Overview and Level Annotations

Branches:
Dungeon (4/15)
 Temple: D:4-7

Altars:
Ashenzari
Dithmenos
Sif Muna


Innate Abilities, Weirdness & Mutations

You are very small and have problems with some larger weapons.
You are too small for most types of armour.
You have supernaturally acute eyesight. (SInv)
You are a herbivore.
You cover ground extremely quickly.
You need to consume almost no food.


Message History

Aiming: Corona (safe; 1% risk of failure)
Press: ? - help, Shift-Dir - straight line, f - human zombie
Aim: a human zombie (heavily damaged, chance to defeat MR: 70%)
The human zombie is outlined in light.
You hit the human zombie.
The human zombie is severely damaged.
You barely miss the human zombie.
The human zombie is severely damaged.
The human zombie misses you.
You hit the human zombie.
The human zombie is severely damaged.
The human zombie hits you.
* * * LOW HITPOINT WARNING * * *
You hit the human zombie.
The human zombie is severely damaged.
The human zombie stops glowing.
You hit the human zombie.
The human zombie is severely damaged.
The human zombie hits you!
You die...

8.....8###..?#...8...#
.........#..?#.......#
.........######8...8##
...8...ZM#...#.......#
...#.....'...#...8...#
...#.....#...#...#...#
## ########+#######'##
#...#...#^..#
#...8.Z@'^^^#
#.......#^.^#
##8...8######
#.......#.?!#
#...8...#?.?#
#...#...#?..#
##########'## ..


You could see a human zombie.

Vanquished Creatures
  A scorpion (Ossuary)
  A centaur zombie (Ossuary)
  A human zombie (Ossuary)
  2 orc priests (D:3)
  An orc wizard (D:3)
  A big kobold zombie (Ossuary)
  8 adders
  A worm (D:3)
  2 dart slugs (D:2)
  5 leopard geckos
  6 orcs (D:3)
  11 goblins
  3 hobgoblins (D:2)
  A quokka (D:2)
  2 ball pythons
  9 bats
  5 frilled lizards
  2 hobgoblin zombies (Ossuary)
  5 kobolds
  2 orc zombies (Ossuary)
  8 rats
77 creatures vanquished.

Vanquished Creatures (collateral kills)
  3 orcs
3 creatures vanquished.

Vanquished Creatures (others)
  3 dancing weapons (D:3)
  A mummy (Ossuary)
  An orc zombie (Ossuary)
5 creatures vanquished.

Grand Total: 85 creatures vanquished

Notes
Turn   | Place    | Note
-------+----------+-------------------------------------------
     0 | D:1      | Falco the Spriggan Enchanter began the quest for the Orb.
     0 | D:1      | Reached XP level 1. HP: 9/9 MP: 5/5
  1053 | D:2      | Reached XP level 2. HP: 13/13 MP: 6/6
  1057 | D:2      | Learned a level 2 spell: Ensorcelled Hibernation
  1117 | D:2      | Reached skill level 5 in Stealth
  1496 | D:2      | Found a shattered altar of Ashenzari.
  1627 | D:2      | Reached XP level 3. HP: 10/16 MP: 4/8
  1889 | D:1      | Learned a level 3 spell: Tukima's Dance
  2598 | D:2      | Reached XP level 4. HP: 21/21 MP: 6/9
  2603 | D:2      | Learned a level 3 spell: Confuse
  2744 | D:3      | Reached skill level 6 in Stealth
  2753 | D:3      | Reached XP level 5. HP: 24/24 MP: 9/11
  2866 | D:3      | Found a deep blue altar of Sif Muna.
  2889 | D:3      | Reached skill level 5 in Hexes
  3412 | D:3      | Found a shadowy altar of Dithmenos.
  3671 | D:3      | Found a faded altar of an unknown god.
  3833 | D:4      | Noticed an ogre
  3908 | D:4      | Found a sand-covered staircase.
  3916 | Ossuary  | Entered an ossuary
  4110 | Ossuary  | Reached XP level 6. HP: 6/29 MP: 9/13
  4114 | Ossuary  | HP: 1/29 [poisoned by a scorpion]
  4334 | Ossuary  | Learned a level 3 spell: Dazzling Spray
  5257 | Ossuary  | Slain by a human zombie

Vault maps used:
D:1:      wheals_arrival_shading, minmay_misc_feat_enclosed
D:2:      nicolae_ashenzari_panopticon
D:3:      lemuel_crystal_altar, overflow_temple_1_default,
          chequers_ecumenical_altar_simple
D:4:      lemuel_doored_altar, gup_ossuary_entry_pyramid, uniq_duvessa,
          uniq_robin, uniq_pikel
Ossuary:  ossuary_minmay_scorpions

Skill      XL: |  1  2  3  4  5  6 |
---------------+-------------------+-----
Hexes          | 4 5 |  5.3
Stealth        | 5 6 |  6.5
Spellcasting   | 3 4 |  4.3
Short Blades   | 2 3 |  3.0
Fighting       | |  0.7
Throwing       | |  0.8
Dodging        | |  3.7
Ice Magic      | |  0.3

Action                   |  1- 3 |  4- 6 || total
-------------------------+-------+-------++-------
Melee: Dagger            |   114 |   219 ||   333
 Fire: Blowgun           |       |    31 ||    31
 Cast: Corona            |    30 |    44 ||    74
       Ensorcelled Hiber |     6 |    16 ||    22
       Tukima's Dance    |       |     8 ||     8
       Confuse           |       |     4 ||     4
  Use: Scroll            |     2 |     6 ||     8
       Potion            |       |     2 ||     2
 Stab: Sleeping          |    12 |    17 ||    29
       Confused          |       |     2 ||     2
  Eat: Ration            |       |     3 ||     3
Armor: Robe              |    11 |    19 ||    30
Dodge: Dodged            |    88 |   161 ||   249

Table legend:
 A = Spawn XP
 B = Non-spawn XP
 C = Spawn XP percentage of total XP
 D = Spawn monster count
 E = Non-spawn monster count
 F = Spawn count percentage of total count
 G = Total turns spent on level
                    A         B        C        D         E        F      G
               +---------+---------+-------+---------+---------+-------+---------
         Total |       0 |     504 |   0.0 |       0 |      80 |   0.0 |  5257
               +---------+---------+-------+---------+---------+-------+---------
           D:1 |       0 |       9 |   0.0 |       0 |       6 |   0.0 |  1112
           D:2 |       0 |      99 |   0.0 |       0 |      30 |   0.0 |  1702
           D:3 |       0 |     218 |   0.0 |       0 |      35 |   0.0 |   981
           D:4 |       0 |       2 |   0.0 |       0 |       1 |   0.0 |   121
       Ossuary |       0 |     176 |   0.0 |       0 |       8 |   0.0 |  1341
               +---------+---------+-------+---------+---------+-------+---------
